 Dungeon Crawl Stone Soup version 0.28.0 (webtiles) character file.

Game seed: 7419262818467680492

14272 lastplaneout the Nimble (level 11, -2/169 HPs)
             Began as a Troll Berserker on Feb 12, 2022.
             Was a High Priest of Trog.
             Slain by a chaos spawn (9 damage)
             ... on level 1 of the Orcish Mines.
             The game lasted 00:22:09 (8449 turns).

lastplaneout the Nimble (Troll Berserker)           Turns: 8449, Time: 00:22:09

Health: -2/169     AC:  9    Str: 34    XL:     11   Next: 86%
Magic:  10/10      EV: 13    Int:  3    God:    Trog [*****.]
Gold:   1349       SH:  0    Dex: 11    Spells: 10/10 levels left

rFire   + + .      SeeInvis +     - Unarmed
rCold   . . .      Faith    +   (no shield)
rNeg    + . .      Spirit   .   M - +2 robe {rF+}
rPois   .          Reflect  .   (helmet restricted)
rElec   .          Harm     .   I - +2 cloak
rCorr   .          Rampage  .   (gloves unavailable)
Will    +....                   (boots unavailable)
Stlth   ..........              E - amulet of faith
HPRegen 1.18/turn               q - ring "Gycw" {rF+ rN+ Will+ Str+5}
MPRegen 0.12/turn               c - ring of see invisible

@: berserking, studying Staves, very quick
A: large, unfitting armour, claws 3, regeneration 1, shaggy fur 1, tough skin 1
a: Renounce Religion, Berserk, Trog's Hand, Brothers in Arms


You were on level 1 of the Orcish Mines.
You worshipped Trog.
Trog was extremely pleased with you.
You visited 3 branches of the dungeon, and saw 13 of its levels.

You collected 1349 gold pieces.

Inventory:

Armour
 v - +0 steam dragon scales
 I - a +2 cloak (worn)
 M - a +2 robe of fire resistance (worn)
Jewellery
 a - an amulet of the acrobat
 c - a ring of see invisible (right claw)
 h - a +4 ring of evasion
 l - a +6 ring of intelligence
 p - a ring of ice
 q - the ring "Gycw" (left claw) {rF+ rN+ Will+ Str+5}
   (You found it on level 4 of the Dungeon)

   [ring of protection from fire]

   Str:       It affects your strength (+5).
   rF:        It protects you from fire.
   rN:        It protects you from negative energy.
   Will:      It increases your willpower.
 s - a ring of fire
 A - the ring "Voox" {Ice rElec rN+ rCorr}
   (You found it on level 7 of the Dungeon)

   [ring of ice]

   It enhances your ice magic.
   rF:        It makes you vulnerable to fire.
   rC:        It protects you from cold.
   rElec:     It insulates you from electricity.
   rN:        It protects you from negative energy.
   rCorr:     It protects you from acid and corrosion.
 E - an amulet of faith (around neck)
Wands
 g - a wand of acid (11)
 m - a wand of paralysis (19)
 y - a wand of digging (5)
 G - a wand of polymorph (5)
 H - a wand of charming (9)
Scrolls
 b - 2 scrolls of immolation
 e - 6 scrolls of teleportation
 n - 3 scrolls of fog {unknown}
 r - 2 scrolls of fear {unknown}
 t - 2 scrolls of enchant weapon {unknown}
 x - a scroll of magic mapping
 B - 2 scrolls of enchant armour
 F - a scroll of brand weapon {unknown}
 J - a scroll of summoning {unknown}
Potions
 d - a potion of might
 f - a potion of invisibility {unknown}
 i - 2 potions of cancellation {unknown}
 j - 2 potions of degeneration {unknown}
 k - 4 potions of haste
 o - 8 potions of curing
 u - 3 potions of ambrosia
 w - 3 potions of attraction
 z - 2 potions of mutation {unknown}
 C - a potion of magic {unknown}
 D - 2 potions of brilliance {unknown}
 K - 2 potions of heal wounds {unknown}
 L - a potion of lignification {unknown}


   Skills:
 + Level 8.9 Fighting
 + Level 11.1 Dodging
 - Level 11.0 Unarmed Combat


You had 10 spell levels left.
You didn't know any spells.
Your spell library was empty.

Dungeon Overview and Level Annotations

Branches:
Dungeon (10/15)            Temple (0/1) D:5            Lair (0/6) D:9
    Orc (2/2) D:10            Elf (1/3) Orc:2

Altars:
Vehumet
The Shining One

Shops:
D:2 =(*[   Orc:2 ??


Innate Abilities, Weirdness & Mutations

You are too large for most types of armour.
You have claws for hands.
Your natural rate of healing is unusually fast.
You are covered in fur. (AC +1)
You have tough skin. (AC +1)


Message History

The orc warrior barely misses you.
You mangle the orc knight!!
The orc knight is moderately wounded.
The orc knight hits you with a +0 long sword!
The chaos spawn misses you.
The orc warrior hits you with a +3 broad axe!
You mangle the orc knight!!
The orc knight is severely wounded.
You claw the orc knight!
The orc knight is almost dead.
The orc knight hits you with a +0 long sword!!
* * * LOW HITPOINT WARNING * * *
The chaos spawn hits you!
* * * LOW HITPOINT WARNING * * *
The chaos spawn freezes you.
* * * LOW HITPOINT WARNING * * *
The orc warrior hits you with a +3 broad axe!
* * * LOW HITPOINT WARNING * * *
You eviscerate the orc knight!!!
You kill the orc knight!
Trog accepts your kill.
You closely miss the orc warrior. The chaos spawn hits you.
* * * LOW HITPOINT WARNING * * *
The chaos spawn shocks you!
* * * LOW HITPOINT WARNING * * *
The orc warrior hits you with a +3 broad axe!
* * * LOW HITPOINT WARNING * * *
You are too berserk!
Unknown command.
You eviscerate the orc warrior!!!
You kill the orc warrior!
Trog accepts your kill.
The chaos spawn gores you but does no damage.
Items here: ))) [[[ †.
You mangle the chaos spawn!!
The chaos spawn is severely wounded.
You closely miss the chaos spawn.
The chaos spawn is severely wounded.
The chaos spawn gores you!
You die...

##.....##.##...##
##....
####.....#'#...##
###..
#..............## ###
##.....#........#
####......#.......##
#.......###^.......##
#.....#####.........#
#......#.#.......4###
#........##.....@>#
##......<.#.....)##
###...>........##
#..........###
##.........#
##....##### ##.###
###


You could see a chaos spawn.

Vanquished Creatures
  Snorg (Orc:1)
  The ghost of Clumpoid the Spear-Bearer, a journeyman DsFi of Dithmenos (Orc:1)
  Erica (D:9)
  A two-headed ogre (D:9)
  2 orc knights
  A cyclops (D:8)
  Joseph (D:7)
  Maurice (D:8)
  Maggie (D:7)
  3 komodo dragons (D:9)
  An ice devil (Orc:1)
  A red devil (Orc:2)
  A troll (D:9)
  Grinder (D:6)
  A shadow (D:10)
  A ynoxinul (Orc:2)
  A wraith (D:9)
  8 yaks
  2 basilisks (D:9)
  3 steam dragons
  A warg (Orc:2)
  A water moccasin (D:8)
  A swamp drake (D:9)
  20 orc warriors
  A sky beast (D:8)
  A hornet zombie (D:9)
  A centaur (D:7)
  5 ogres
  2 kobold brigands
  Blork the orc (D:6)
  4 bullfrogs
  A gnoll sergeant (D:5)
  2 scorpions
  A wyvern skeleton (D:7)
  3 killer bees (D:8)
  13 wights
  A jelly (D:5)
  8 howler monkeys
  2 centaur zombies
  A bullfrog zombie (D:5)
  15 orc priests
  A gnoll shaman (D:9)
  A centaur skeleton (D:6)
  A scorpion zombie (D:5)
  5 iguanas
  5 orc wizards
  A hound skeleton (D:4)
  10 gnolls
  A howler monkey skeleton (D:5)
  3 adders (D:2)
  A shadow imp (D:6)
  An ufetubus (D:5)
  2 worms
  5 dart slugs
  34 orcs
  4 bats
  4 endoplasms
  2 giant cockroaches
  5 goblins
  9 hobgoblins
  5 jackals
  2 quokkas
  5 ball pythons
  3 frilled lizards (D:3)
  14 kobolds
  6 rats
248 creatures vanquished.

Notes
Turn   | Place    | Note
-------+----------+-------------------------------------------
     0 | D:1      | lastplaneout the Troll Berserker began the quest for the
                  | Orb.
     0 | D:1      | Reached XP level 1. HP: 22/22 MP: 0/0
     4 | D:1      | Noticed an anaconda
    93 | D:1      | Reached XP level 2. HP: 29/29 MP: 1/1
   202 | D:1      | Found a faded altar of an unknown god.
   689 | D:1      | Noticed a five-headed hydra
   782 | D:2      | Found Ludoneg's Assorted Antiques.
   812 | D:2      | Reached XP level 3. HP: 36/36 MP: 2/2
   932 | D:2      | Found Xeguu's Armour Shoppe.
   958 | D:2      | Reached ** piety under Trog
   959 | D:2      | Found Citir's Weapon Shop.
  1068 | D:2      | Reached XP level 4. HP: 44/44 MP: 3/3
  1101 | D:2      | Found Mobats's Jewellery Emporium.
  1120 | D:2      | Reached skill level 5 in Unarmed Combat
  2341 | D:4      | Reached XP level 5. HP: 49/50 MP: 4/4
  2373 | D:4      | Identified the ring "Gycw" {rF+ rN+ Will+ Str+5}
  2543 | D:4      | Reached *** piety under Trog
  3037 | D:5      | Entered Level 5 of the Dungeon
  3336 | D:5      | Found a staircase to the Ecumenical Temple.
  3347 | D:5      | Reached XP level 6. HP: 56/59 MP: 5/5
  3495 | D:5      | Reached XP level 7. HP: 66/66 MP: 6/6
  4129 | D:6      | Noticed Blork the orc
  4129 | D:6      | Noticed a steam dragon
  4139 | D:6      | Killed Blork the orc
  4152 | D:6      | Killed a steam dragon
  4237 | D:6      | Noticed Grinder
  4249 | D:6      | Killed Grinder
  4250 | D:6      | Reached XP level 8. HP: 74/74 MP: 7/7
  4736 | D:7      | Noticed Joseph
  4736 | D:7      | Noticed Maggie
  4755 | D:7      | Killed Joseph
  4756 | D:7      | Reached skill level 10 in Unarmed Combat
  4849 | D:7      | Killed Maggie
  4937 | D:7      | Reached XP level 9. HP: 76/81 MP: 8/8
  4964 | D:7      | Identified the ring "Voox" {Ice rElec rN+ rCorr}
  5152 | D:8      | Reached skill level 5 in Dodging
  5164 | D:8      | Noticed a cyclops
  5242 | D:8      | Found a radiant altar of Vehumet.
  5269 | D:8      | Killed a cyclops
  5355 | D:8      | Reached skill level 5 in Fighting
  5548 | D:8      | Noticed Maurice
  5561 | D:8      | Killed Maurice
  5562 | D:8      | Reached XP level 10. HP: 98/98 MP: 9/9
  5744 | D:9      | Reached **** piety under Trog
  5843 | D:9      | Found a glowing golden altar of the Shining One.
  5924 | D:9      | Noticed a two-headed ogre
  5931 | D:9      | Killed a two-headed ogre
  6318 | D:9      | Noticed Erica
  6350 | D:9      | Killed Erica
  6396 | D:9      | Found a staircase to the Lair.
  6412 | D:9      | Reached XP level 11. HP: 64/109 MP: 10/10
  6689 | D:10     | Entered Level 10 of the Dungeon
  6879 | D:10     | Found a staircase to the Orcish Mines.
  6892 | D:10     | Reached ***** piety under Trog
  7059 | Orc:1    | Entered Level 1 of the Orcish Mines
  7086 | Orc:1    | Found a runed translucent door.
  7086 | Orc:1    | Noticed Clumpoid's ghost (journeyman DsFi)
  7120 | Orc:1    | Killed Clumpoid's ghost
  7247 | Orc:1    | Noticed Snorg
  7263 | Orc:1    | Killed Snorg
  7264 | Orc:1    | Reached skill level 10 in Dodging
  7428 | Orc:2    | Entered Level 2 of the Orcish Mines
  7525 | Orc:2    | Found a staircase to the Elven Halls.
  7542 | Elf:1    | Entered Level 1 of the Elven Halls
  7542 | Elf:1    | Noticed a deep elf zephyrmancer
  7542 | Elf:1    | Noticed a deep elf zephyrmancer
  7542 | Elf:1    | Noticed a deep elf zephyrmancer
  7542 | Elf:1    | Noticed a deep elf zephyrmancer
  7543 | Elf:1    | Noticed a deep elf zephyrmancer
  7681 | Orc:2    | Found Fuavukim's Magic Scroll Shoppe.
  7847 | Orc:2    | Found Xet Ugam's Magic Scroll Emporium.
  7847 | Orc:2    | Noticed an orc knight
  8035 | Orc:2    | Killed an orc knight
  8357 | Orc:2    | Noticed an orc knight
  8358 | Orc:2    | Noticed a soul eater
  8444 | Orc:1    | Killed an orc knight
  8445 | Orc:1    | HP: 5/169 [orc warrior (11)]
  8449 | Orc:1    | Slain by a chaos spawn

Illustrated notes

Levels and vault maps discovered:
D:1:      sevenhm_arrival_forest_fort_small_2, layout_basic,
          chequers_ecumenical_altar_island, wad_floor_pattern_2
D:2:      layout_basic, serial_shops, shop_fountains, shop,
          nicolae_shop_bloodbath_and_beyond, nicolae_shop_overgrown_old_shop
D:3:      layout_basic
D:4:      layout_basic
D:5:      layout_basic, temple_green
D:6:      hellmonk_destroyed_diamonds, layout_basic, uniq_blork_the_orc,
          uniq_grinder
D:7:      layout_basic, uniq_maggie, uniq_joseph
D:8:      layout_cave_pools, mainiacjoe_overflow_cross_hatched, st_stairs_5,
          minmay_manual_mail, uniq_maurice
D:9:      layout_rooms, tso_metal_star, erik_lair_dragon, uniq_erica
D:10:     layout_rooms, david_orc_2
Orc:1:    layout_diamond_mine, hellmonk_ghost_happy_afterlife, uniq_snorg
Orc:2:    pf_orc_diabolical, layout_caves
Elf:1:    nicolae_elf_arrival_aired_out, layout_loops_corners,
          gammafunk_ghost_grave, serial_shops, shop, minmay_elf_crystal_hexagon,
          uniq_aizul

Skill      XL: |  1  2  3  4  5  6  7  8  9 10 11 |
---------------+----------------------------------+-----
Unarmed Combat | 4 5 6 8 9 11 | 11.0
Fighting       | 3 5 7 8 |  8.9
Dodging        | 4 7 9 11 | 11.1

Action                   |  1- 3 |  4- 6 |  7- 9 | 10-12 || total
-------------------------+-------+-------+-------+-------++-------
Melee: Unarmed           |    76 |   144 |   147 |   326 ||   693
       Punch             |     2 |     3 |     9 |    21 ||    35
Invok: Berserk           |       |     1 |     6 |     8 ||    15
  Use: Scroll            |       |     8 |     1 |     2 ||    11
Armor: Animal skin       |    26 |    41 |    29 |    11 ||   107
       Robe              |       |       |       |    78 ||    78
Dodge: Dodged            |    51 |    48 |    73 |   198 ||   370
